cohdb
Replays
Latest Replays
All Replays
Popular Replays
Top Player Replays
Match Explorer
How It Works
Community
CoH3 Stats
Reddit
Sign in to upload your games and track your stats! →
Sign in with Steam
Match 41261947
Unlisted
Match 41261947
Overview
Messages
Build Orders
End
Engineer Squad
Construct Barracks
Scout Squad
1⁄4-ton 4x4 Truck
Selects Special Operations Battlegroup
Riflemen Squad
M1 Mortar Team
Grenade Package
Selects M29 Weasel with M1 Pack Howitzer
Construct Medical Station
Air Support Center
Riflemen Squad
Construct Motor Pool
Grasshopper Recon Run
P-47 Dive Bomb
M8 Greyhound Armored Car
P-47 Strafing Run
Selects Mark Vehicle
Engineer Squad
M24 Chaffee Light Tank
Construct Weapon Support Center
M1919 Machine Gun Team
M1 Mortar Team
Engineer Squad
Selects M4A1 Sherman Whizbang
M4A1 Sherman Whizbang
Selects Raiding Flares
Selects SSF Commando Squad
Construct Tank Depot
Scout Squad
M1 Anti-tank Gun Team
Selects Air Re-supply Operation
XAPA KENTE
Yaas
Benji
Mr Freemon
Cintrea
Von Strachwitz
0
0
Comments
sign in to comment!
No comments posted yet!